 Dungeon Crawl Stone Soup version 0.20-a0-788-g5cc1a67 (webtiles) character file.

26 M4edhros the Scratcher (level 2, -5/14 HPs)
             Began as a Felid Chaos Knight on Feb 28, 2017.
             Slain by a sphinx (10 damage)
             ... on level 1 of the Dungeon.
             The game lasted 00:02:39 (6528 turns).

M4edhros the Scratcher (Felid Chaos Knight)         Turns: 6528, Time: 00:02:41

Health: -5/14      AC:  3    Str:  6    XL:     2   Next: 89%
Magic:  3/3        EV: 18    Int: 13    God:    Xom [..*...]
Gold:   36         SH:  0    Dex: 13    Spells: 1/1 levels left
                                        Lives:  0   Deaths: 0

rFire    . . .     SeeInvis +     - Unarmed
rCold    + . .     Gourm    .   (armour unavailable)
rNeg     . . .     Faith    .   (shield unavailable)
rPois    .         Spirit   .   (helmet unavailable)
rElec    .         Reflect  .   (cloak unavailable)
rCorr    .         Harm     .   (gloves unavailable)
MR       .....                  (boots unavailable)
Stlth    +++.......             (no amulet)
Regen    0.1/turn               (no ring)
MPRegen  0.1/turn               (no ring)

@: slowed, slow
A: no armour, no weapons or thrown items, stealth, claws 1, fangs 3, yellow
scales 1, see invisible, carnivore 3, clumsy 1, cold resistance 1, speed 1,
shaggy fur 1, slow metabolism 1, weak 1, sharp paws
a: Renounce Religion


You were on level 1 of the Dungeon.
You worshipped Xom.
You were a toy of Xom.
You were full.

You visited 1 branch of the dungeon, and saw 1 of its levels.

You collected 36 gold pieces.

Inventory:

Scrolls
 d - a scroll of remove curse {unknown}
 e - a scroll of magic mapping {unknown}
 g - a scroll of identify {unknown}
Potions
 f - a potion of flight {unknown}
Comestibles
 a - 2 meat rations


   Skills:
 - Level 3.0 Fighting
 - Level 3.2 Dodging
 * Level 3.2 Stealth
 + Level 3.3 Unarmed Combat


You had one spell level left.
You didn't know any spells.

Dungeon Overview and Level Annotations

Branches:
Dungeon (1/15)

Altars:
Xom


Innate Abilities, Weirdness & Mutations

You cannot wear armour.
You are incapable of wielding weapons or throwing items.
Your paws allow you to move quietly. (Stealth)
You have sharp claws.
You have razor-sharp teeth.
You have supernaturally acute eyesight. (SInv)
You are carnivorous and can eat meat at any time.
You cover ground quickly.
You are covered in fur. (AC +1)
You have a slow metabolism.
Your sharp claws are effective at attacking unaware monsters.
You are partially covered in yellow scales. (AC +2)
You are clumsy. (Dex -2)
Your flesh is cold resistant. (rC+)
You are weak. (Str -2)


Message History

You are confused.
The sphinx casts a spell.
You feel yourself slow down.
You can move again.
Unknown command.
Unknown command.
Unknown command.
Unknown command.
It was a potion of heal wounds.
You feel much better.
The sphinx casts a spell.
You are more confused.
It was a potion of curing.
You feel better. The sphinx hits you but does no damage.
The sphinx closely misses you. The sphinx hits you!
Ouch! That really hurt!
Xom roars with laughter!
The sphinx hits you!
Ouch! That really hurt!
You die...
Xom giggles madly!

.# #.#....######### .#
#.'............. .# g
###....######### #....#......#
#.##.#.#.##.# ### #.###.##.#
#.. ,.. .#..#.#
#.########.#....# #.#
#.##.@H..#.#.######### # #.#
#..#_##.._.#.......... .
##'######....#..<_.#.#########
.###.......#.####....##.#
..##.......#.# #)#.....#
#.##.......#.# #.#######
#..#.......#.# #....#
.............#######.#
##.#............####.#


You could see a sphinx.

Vanquished Creatures
  A dart slug (D:1)
  A leopard gecko (D:1)
  2 giant cockroaches (D:1)
  6 goblins (D:1)
  3 hobgoblins (D:1)
  3 kobolds (D:1)
  A ball python (D:1)
  2 bats (D:1)
  3 frilled lizards (D:1)
  2 rats (D:1)
24 creatures vanquished.

Notes
Turn   | Place    | Note
-------+----------+-------------------------------------------
     0 | D:1      | M4edhros the Felid Chaos Knight began the quest for the Orb.
     0 | D:1      | Reached XP level 1. HP: 10/10 MP: 2/2
   141 | D:1      | XOM: divination: magic mapping
  1744 | D:1      | Reached skill level 1 in Stealth
  1768 | D:1      | XOM: butterfly on damage
  1775 | D:1      | Reached XP level 2. HP: 2/14 MP: 3/3
  2323 | D:1      | XOM: divination: detect creatures
  2380 | D:1      | XOM: cloud trail
  3195 | D:1      | XOM: cloud trail
  3213 | D:1      | XOM: harmless Air miscast
  3375 | D:1      | XOM: divination: detect creatures
  4225 | D:1      | XOM: harmless Ice miscast
  4315 | D:1      | XOM: harmless Erth miscast
  4536 | D:1      | XOM: harmless Air miscast
  4705 | D:1      | XOM: harmless Erth miscast
  4736 | D:1      | XOM: harmless Tmut miscast
  5211 | D:1      | XOM: 2-stop teleportation journey
  5635 | D:1      | XOM is BORED!
  5635 | D:1      | XOM: give mutations
  5635 | D:1      | Gained mutation: You are clumsy. (Dex -2) [Xom's mischief]
  5635 | D:1      | Gained mutation: You are weak. (Str -2) [Xom's mischief]
  5810 | D:1      | XOM: scenery: create altars
  5991 | D:1      | XOM: give mutations
  5991 | D:1      | Gained mutation: Your flesh is cold resistant. (rC+) [Xom's grace]
  5991 | D:1      | Gained mutation: You are partially covered in yellow scales. (AC +2) [Xom's grace]
  6196 | D:1      | XOM: scenery: create altars
  6289 | D:1      | XOM: scenery: create altars
  6357 | D:1      | XOM: cloud trail
  6383 | D:1      | XOM: silly message
  6524 | D:1      | Noticed a sphinx
  6524 | D:1      | Paralysed by a sphinx for 2 turns
  6528 | D:1      | Slain by a sphinx

Vault maps used:
D:1:      saegor_arrival_simple_f

Skill      XL: |  1  2 |
---------------+-------+-----
Stealth        | 1 3 |  3.2
Fighting       | |  3.0
Dodging        | |  3.2
Unarmed Combat | |  3.3

Action                   || total
-------------------------++-------
Melee: Unarmed           ||    84
       Bite              ||    11
  Use: Potion            ||     2
 Stab: Sleeping          ||     2
       Distracted        ||     1
  Eat: Chunk             ||    16
Armor: Skin              ||     7
Dodge: Dodged            ||    75
